 Dungeon Crawl Stone Soup version 0.29-a0-356-g7bc237e783 (webtiles) character file.

Game seed: 14794065190369922840

1498 Shayle the Ducker (level 8, -1/51 HPs)
             Began as a Tengu Brigand on Apr 25, 2022.
             Was an Initiate of Ashenzari.
             Slain by an ice beast (12 damage)
             ... on level 6 of the Dungeon.
             The game lasted 00:14:42 (6149 turns).

Shayle the Ducker (Tengu Brigand)                   Turns: 6149, Time: 00:14:45

Health: -1/51      AC: 10    Str: 13    XL:     8   Next: 81%
Magic:  34/34      EV: 15    Int: 17    God:    Ashenzari [......]
Gold:   283        SH:  0    Dex: 15    Spells: 14/17 levels left

rFire   . . .      SeeInvis .   r - +2 scythe (venom)
rCold   . . .      Faith    .   (shield currently unavailable)
rNeg    . . .      Spirit   .   f - +2 ring mail {rPois}
rPois   +          Reflect  .   (helmet restricted)
rElec   .          Harm     .   c - +2 cloak
rCorr   .          Rampage  .   (no gloves)
Will    .....                   (boots unavailable)
Stlth   ++........              (no amulet)
HPRegen 0.17/turn               w - ring of magical power
MPRegen 0.24/turn               C - ring of Enunyd {MP+9 Int+4}

@: flying quickly and evasively, quick
A: beak, talons 3, nimble flight
a: Renounce Religion, Curse Item


You were on level 6 of the Dungeon.
You worshipped Ashenzari.
Ashenzari was noncommittal.
You visited 2 branches of the dungeon, and saw 7 of its levels.

You collected 283 gold pieces.

Inventory:

Hand Weapons
 a - a +2 dagger
 r - a +2 scythe of venom (weapon)
 u - a +3 vampiric dagger
Missiles
 d - 28 poisoned darts (quivered)
 e - 2 curare-tipped darts
 D - a throwing net
Armour
 b - a +0 robe
 c - a +2 cloak (worn)
 f - a +2 ring mail of poison resistance (worn)
 k - a +0 ring mail
Jewellery
 p - a ring of poison resistance
 w - a ring of magical power (left hand)
 C - the ring of Enunyd (right hand) {MP+9 Int+4}
   (You found it on level 6 of the Dungeon)

   [ring of magical power]

   Int:       It affects your intelligence (+4).
   MP:        It affects your magic capacity (+9).
Wands
 q - a wand of flame (3)
Scrolls
 h - a scroll of brand weapon
 i - a scroll of fear
 l - 2 scrolls of magic mapping
 n - a scroll of immolation
 s - a scroll of silence {unknown}
 t - a scroll of enchant weapon
 v - a scroll of teleportation
 x - 2 scrolls of identify
 y - a scroll of noise
 z - a scroll of fog {unknown}
 B - a scroll of enchant armour
Potions
 g - 3 potions of flight
 j - a potion of heal wounds
 m - a potion of curing
 o - 3 potions of lignification {unknown}
 A - 2 potions of attraction {unknown}


   Skills:
 + Level 5.9 Fighting
 - Level 2.1 Short Blades
 - Level 2.0 Throwing
 + Level 6.2 Dodging
 - Level 4.4 Stealth
 - Level 5.1 Spellcasting
 + Level 2.9 Ice Magic


You had 14 spell levels left.
You knew the following spells:

 Your Spells              Type           Power      Damage    Failure   Level
a - Frozen Ramparts       Ice            28%        1d4       28%         3

Your spell library contained the following spells:

 Spells                   Type           Power      Damage    Failure   Level
 Animate Skeleton         Necr           8%         N/A       30%         1
 Beastly Appendage        Tmut           8%         N/A       30%         1
 Pain                     Necr           16%        1d4       30%         1
 Summon Small Mammal      Summ           16%        N/A       30%         1
 Sublimation of Blood     Necr           4%         N/A       43%         2
 Wereblood                Tmut           4%         N/A       43%         2
 Spider Form              Tmut/Pois      4%         N/A       67%         3
 Summon Guardian Golem    Hex/Summ       4%         N/A       67%         3
 Teleport Other           Tloc           4%         N/A       67%         3
 Vampiric Draining        Necr           4%         2d6       67%         3
 Ice Form                 Ice/Tmut       9%         N/A       86%         4
 Summon Ice Beast         Ice/Summ       9%         N/A       86%         4
 Summon Hydra             Summ           2%         N/A       100%        7


Dungeon Overview and Level Annotations

Branches:
Dungeon (6/15)             Temple (1/1) D:5

Altars:
Ashenzari
Cheibriados
Dithmenos
Elyvilon
Gozag
Hepliaklqana
Kikubaaqudgha
Makhleb
Nemelex Xobeh
Okawaru
Qazlal
Ru
Sif Muna
Trog
Uskayaw
Vehumet
Wu Jian
Xom
Zin
The Shining One

Shops:
D:1 :   D:5 (

Annotations:
D:6 1 transporter


Innate Abilities, Weirdness & Mutations

You have a beak for a mouth.
You have claws for feet.
Your magical nature lets you fly swiftly and evasively.


Message History

Aim: an ice beast (about 46% to evade your +2 scythe of venom)
You reach to attack!
You barely miss the ice beast.
The ice beast hits you but does no damage.
You barely miss the ice beast.
You claw the ice beast, but do no damage.
The ice beast misses you. x2
You slash the ice beast! You claw the ice beast.
The ice beast is severely wounded.
The ice beast closely misses you.
The ice beast hits you but does no damage.
You barely miss the ice beast. You claw the ice beast.
The ice beast is severely wounded.
The ice beast hits you but does no damage. x2
You barely miss the ice beast. You peck the ice beast.
The ice beast is severely wounded.
The ice beast misses you. The ice beast hits you. The ice beast freezes you!
You barely miss the ice beast. Your peck misses the ice beast.
The ice beast is severely wounded.
The ice beast hits you but does no damage.
The ice beast closely misses you.
You barely miss the ice beast.
You claw the ice beast, but do no damage.
The ice beast is severely wounded.
The ice beast barely misses you. The ice beast closely misses you.
You barely miss the ice beast. Your kick misses the ice beast.
The ice beast is severely wounded.
The ice beast hits you. The ice beast freezes you.
The ice beast hits you but does no damage.
You closely miss the ice beast. Your peck misses the ice beast.
The ice beast is severely wounded.
The ice beast hits you but does no damage.
The ice beast barely misses you.
You hit the ice beast.
The ice beast is almost dead.
The ice beast hits you. The ice beast freezes you!
* * * LOW HITPOINT WARNING * * *
The ice beast hits you.
* * * LOW HITPOINT WARNING * * *
The ice beast freezes you!
You die...

#..##.....## #...
#.####..#..≈≈≈...
# ##...
#...##..#.≈≈≈≈≈..
#.#....
#...##..#..≈≈≈...
...... #...
#..##.....##
#.... #..
#...#######.
#.... #.#
#...........
#....###.#
#...........
#.....Y@.#
#...........
#....###.#
#...........
#.... #.#
##.#........
#.... #.#
#.#.###.... #....
#.# #.#.# #....
......
#.#####.#.# ...
#.##+##
#.........# ## #.
#.........#
#.#####.#.# #


You could see an ice beast.

Vanquished Creatures
  Sigmund (D:5)
  2 water moccasins
  4 black bears
  A centaur (D:6)
  Blork the orc (D:5)
  2 necrophages (D:5)
  2 scorpions
  A crimson imp (D:6)
  A jelly (D:4)
  A gnoll shaman (D:6)
  2 iguanas
  3 orc wizards
  3 gnolls (D:6)
  6 adders
  A white imp (D:6)
  2 ufetubi (D:5)
  A worm (D:2)
  A dart slug (D:2)
  14 orcs
  2 bats
  7 endoplasms
  4 giant cockroaches
  4 goblins
  2 hobgoblins
  6 kobolds
  5 quokkas
  3 ball pythons (D:4)
  A frilled lizard (D:3)
  5 rats
88 creatures vanquished.

Notes
Turn   | Place    | Note
-------+----------+-------------------------------------------
     0 | D:1      | Shayle the Tengu Brigand began the quest for the Orb.
     0 | D:1      | Reached XP level 1. HP: 12/12 MP: 2/2
   144 | D:1      | Found Iradauw's Book Emporium.
   151 | D:1      | Found a faded altar of an unknown god.
   350 | D:1      | Reached XP level 2. HP: 17/17 MP: 3/3
  1674 | D:2      | Reached skill level 2 in Dodging
  1674 | D:2      | Reached XP level 3. HP: 16/22 MP: 4/4
  2078 | D:3      | Got the Collected Works on the Compass and Creation
  2515 | D:4      | Noticed a black bear
  2532 | D:4      | Killed a black bear
  2533 | D:4      | Reached XP level 4. HP: 15/28 MP: 4/8
  2533 | D:4      | Gained mutation: Your magical nature lets you fly swiftly
                  | and evasively. [Tengu growth]
  2533 | D:4      | Reached XP level 5. HP: 17/32 MP: 4/9
  2553 | D:4      | Reached skill level 3 in Dodging
  2808 | D:4      | Reached XP level 6. HP: 37/37 MP: 11/11
  3493 | D:4      | Noticed a black bear
  3554 | D:4      | Killed a black bear
  3980 | D:5      | Entered Level 5 of the Dungeon
  4008 | D:5      | Reached skill level 4 in Dodging
  4008 | D:5      | Reached XP level 7. HP: 36/43 MP: 12/14
  4210 | D:5      | Found a staircase to the Ecumenical Temple.
  4211 | D:5      | Found Hiehen's Antique Weapon Shop.
  4211 | D:5      | Noticed Blork the orc
  4223 | Temple   | Entered the Ecumenical Temple
  4320 | D:5      | Killed Blork the orc
  4548 | Temple   | Became a worshipper of Ashenzari the Shackled
  4886 | D:5      | Reached skill level 5 in Spellcasting
  4886 | D:5      | Reached XP level 8. HP: 48/48 MP: 16/16
  4913 | D:5      | Learned a level 3 spell: Frozen Ramparts
  5087 | D:5      | Reached skill level 5 in Fighting
  5087 | D:5      | Reached skill level 5 in Dodging
  5363 | D:5      | Noticed Sigmund
  5385 | D:5      | Killed Sigmund
  5386 | D:5      | Reached skill level 1 in Ice Magic
  5871 | D:6      | Reached skill level 6 in Dodging
  5904 | D:6      | Found a transporter.
  6021 | D:6      | Identified the ring of Enunyd {MP+9 Int+4}
  6149 | D:6      | Slain by an ice beast

Illustrated notes

Levels and vault maps discovered:
D:1:      dpeg_arrival_rhombus, layout_basic,
          hellmonk_ecumenical_altar_arch_garden, serial_shops, shop
D:2:      layout_loops_corners, kennysheep_crisscross
D:3:      layout_basic
D:4:      layout_cave_pools
D:5:      layout_basic, temple_pool_b, serial_shops,
          nicolae_shop_overgrown_old_shop, uniq_blork_the_orc, uniq_sigmund
D:6:      gammafunk_cloud_chamber, layout_basic, overflow_temple_1_default,
          minmay_fire_ice_demons, uniq_prince_ribbit1
Temple:   mainiacjoe_temple_archimedes_tessellation

Skill      XL: |  1  2  3  4  5  6  7  8 |
---------------+-------------------------+-----
Dodging        | 2 3 4 6 |  6.2
Fighting       | 3 4 5 |  5.9
Spellcasting   | 2 4 5 |  5.1
Ice Magic      | 2 |  2.9
Short Blades   | |  2.1
Throwing       | |  2.0
Stealth        | |  4.4

Action                   |  1- 3 |  4- 6 |  7- 9 || total
-------------------------+-------+-------+-------++-------
Melee: Dagger            |    67 |   100 |    68 ||   235
       Peck              |     7 |    25 |    26 ||    58
       Kick              |     7 |    27 |    32 ||    66
       Punch             |       |       |     2 ||     2
       Scythe            |       |       |    49 ||    49
Throw: Dart              |     4 |     5 |    12 ||    21
  Use: Scroll            |       |     7 |     6 ||    13
       Potion            |       |     1 |     1 ||     2
 Stab: Sleeping          |     6 |     2 |     1 ||     9
Armor: Robe              |     5 |       |       ||     5
       Ring mail         |    24 |    34 |    61 ||   119
Dodge: Dodged            |    19 |    55 |   115 ||   189

Table legend: (Time is in decaauts)
 A = Elapsed time spent in this place.
 B = Non-inter-level travel time spent in this place.
 C = Inter-level travel time spent in this place.
 D = Time resting spent in this place.
 E = Time spent auto-exploring this place.
 F = Levels seen in this place.
 G = Mean time per level.
                   A        B        C        D        E       F      G
               +--------+--------+--------+--------+--------+-----+--------+
         Total |   5952 |   5725 |    227 |    773 |   3702 |   7 |  850.3 |
       Dungeon |   5628 |   5451 |    177 |    712 |   3521 |   6 |  938.0 |
        Temple |    324 |    275 |     49 |     61 |    181 |   1 |  324.0 |
               +--------+--------+--------+--------+--------+-----+--------+

Top non-repeatable levels by time:
     D:2: 1173 daAuts
     D:5: 1158 daAuts
     D:3: 1099 daAuts
     D:1: 823 daAuts
     D:4: 776 daAuts
     D:6: 596 daAuts
  Temple: 324 daAuts
